 Dungeon Crawl Stone Soup version 0.31-a0-1540-g5a0b83f448 (webtiles) character file.

Game seed: 5448151769742114167

96 Fodor the Trooper (level 4, -1/41 HPs)
             Began as a Minotaur Fighter on Jan 1, 2024.
             Succumbed to an adder's poison
             ... on level 2 of the Dungeon.
             The game lasted 00:04:59 (994 turns).

Fodor the Trooper (Minotaur Fighter)                 Turns: 994, Time: 00:05:00

Health: -1/41      AC:  9    Str: 20    XL:     4   Next: 41%
Magic:  3/3        EV: 14    Int:  7    God:
Gold:   128        SH:  4    Dex: 10    Spells: 3/3 levels left

rFire   . . .        a - +0 war axe
rCold   . . .        c - +0 buckler
rNeg    . . .        b - +0 scale mail
rPois   .            (helmet restricted)
rElec   .            n - +0 cloak
rCorr   .            k - +0 pair of gloves
SInv    .            (no boots)
Will    .....        (no amulet) Stlth
                     h - +5 ring of evasion
HPRegen 0.26/turn    (no ring)
MPRegen 0.08/turn

%: no passive effects
@: lethally poisoned (-1 -> -7), hasted, very quick
A: horns 2, retaliatory headbutt
a: no special abilities


You were on level 2 of the Dungeon.
You visited 1 branch of the dungeon, and saw 2 of its levels.

You collected 128 gold pieces.

Inventory:

Hand Weapons
 a - a +0 war axe (weapon)
Armour
 b - a +0 scale mail (worn)
 c - a +0 buckler (worn)
 k - a +0 pair of gloves (worn)
 n - a +0 cloak (worn)
Jewellery
 h - a +5 ring of evasion (left hand)
Scrolls
 e - a scroll of identify {unknown}
 i - 2 scrolls of poison {unknown}
 j - a scroll of blinking {unknown}
 o - a scroll of fog {unknown}
Potions
 d - 2 potions of might
 f - a potion of brilliance {unknown}
 g - a potion of haste
 l - a potion of mutation {unknown}
 m - a potion of heal wounds {unknown}


   Skills:
 + Level 4.5 Fighting
 + Level 3.9 Axes
 + Level 4.2 Armour
 + Level 0.8 Dodging
 + Level 4.1 Shields


You had 3 spell levels left.
You didn't know any spells.
Your spell library contained the following spells:

 Spells                   Type           Power      Damage    Failure   Level
 Summon Small Mammal      Summ           0%         N/A       85%         1
 Plasma Beam              Fire/Air       0%         2x1d10    100%        6
 Starburst                Conj/Fire      0%         6d3       100%        6
 Monstrous Menagerie      Summ           0%         N/A       100%        7


Dungeon Overview and Level Annotations

Branches:
Dungeon (2/15)

Altars:

Annotations:
D:2 Natasha


Innate Abilities, Weirdness & Mutations

You have a pair of horns on your head.
You reflexively headbutt those who attack you in melee.


Message History

The gnoll hits you from afar with a +0 spear.
You feel very sick. The gnoll misses you.
You see here a +1 flail of venom.
You feel sick. The gnoll hits you with a +0 spear.
The adder closely misses you.
Things that are here:
a +0 club; a gnoll corpse You feel sick.
The adder attacks as it pursues you! You block the adder's attack.
The gnoll hits you but does no damage.
You feel sick. The adder attacks as it pursues you! The adder misses you.
The gnoll closely misses you.
You slash the gnoll!
You kill the gnoll!
You miss the adder.
You feel sick. The adder closely misses you.
The adder bites you but does no damage.
You feel sick. The adder bites you but does no damage.
You see here a +0 spear.
You feel sick. The adder bites you but does no damage.
You hit the adder. Your headbutt misses the adder.
The adder is heavily wounded.
You feel sick.
You are no longer poisoned.
The adder bites you.
* * * LOW HITPOINT WARNING * * *
You are poisoned.
The adder poisons you!
You hit the adder.
The adder is almost dead.
* * * LOW HITPOINT WARNING * * *
You feel sick. The adder closely misses you. x2
You hit the adder. Your headbutt misses the adder.
The adder is almost dead.
You feel sick. The adder bites you.
* * * LOW HITPOINT WARNING * * *
You are more poisoned.
The adder poisons you! The adder bites you but does no damage.
There is a lethal amount of poison in your body!
It was a potion of haste.
You feel yourself speed up.
You die...

# #.......#
######..### ##
#.......# ######
#. #.#####.#
....##.# #?# #..
#.$..# ...# #†#
#....###...# #..
#.)........#####.#
..
#@S..............#
.#
#)..........###.##
##..........# #.#
# #..........# #.#
#..........# #.#
#..........# #.#
########.####.#
#.# ...........#
#.# .#######.#.#
#.#


You could see an adder.

Vanquished Creatures
  Natasha (D:2)
  3 gnolls (D:2)
  A dart slug (D:1)
  A ribbon worm (D:2)
  2 endoplasms
  2 giant cockroaches
  5 goblins
  5 hobgoblins
  3 jackals (D:1)
  A kobold (D:2)
  2 quokkas
  4 ball pythons
  2 bats
  A frilled lizard (D:1)
  7 rats
40 creatures vanquished.

Notes
Turn   | Place    | Note
-------+----------+-------------------------------------------
     0 | D:1      | Fodor the Minotaur Fighter began the quest for the Orb.
     0 | D:1      | Reached XP level 1. HP: 19/19 MP: 0/0
    64 | D:1      | Reached XP level 2. HP: 25/27 MP: 1/1
   468 | D:1      | Got the Volume of Generative Arson
   553 | D:2      | Reached XP level 3. HP: 34/34 MP: 2/2
   581 | D:2      | Noticed Natasha
   590 | D:2      | Killed Natasha
   612 | D:2      | Noticed Natasha
   975 | D:2      | Reached XP level 4. HP: 41/41 MP: 3/3
   993 | D:2      | HP: 1/41 [adder (2)]
   994 | D:2      | Succumbed to an adder's poison

Illustrated notes

Levels and vault maps discovered:
D:1:      onia_arrival_pyramid, layout_rooms
D:2:      layout_loops_ring, serial_bayou_crossing, uniq_natasha, uniq_sigmund

Skill      XL: |  1  2  3 |
---------------+----------+-----
Fighting       | 4 |  4.5
Shields        | 4 |  4.1
Axes           | 3 |  3.9
Armour         | 4 |  4.2
Dodging        | |  0.8

Action                     |  1- 3 |  4- 6 || total
---------------------------+-------+-------++-------
  Melee: War axe           |    80 |    10 ||    90
         Headbutt          |    13 |       ||    13
    Use: Potion            |       |     1 ||     1
 Armour: Scale mail        |    61 |    13 ||    74
  Dodge: Dodged            |    52 |    10 ||    62
  Block: Buckler           |    20 |     2 ||    22

Table legend: (Time is in decaauts)
 A = Elapsed time spent in this place.
 B = Non-inter-level travel time spent in this place.
 C = Inter-level travel time spent in this place.
 D = Time resting spent in this place.
 E = Time spent auto-exploring this place.
 F = Levels seen in this place.
 G = Mean time per level.
                   A        B        C        D        E       F      G
               +--------+--------+--------+--------+--------+-----+--------+
         Total |   1059 |   1059 |      0 |     27 |      0 |   2 |  529.5 |
       Dungeon |   1059 |   1059 |      0 |     27 |      0 |   2 |  529.5 |
               +--------+--------+--------+--------+--------+-----+--------+

Top non-repeatable levels by time:
     D:1: 541 daAuts
     D:2: 517 daAuts
